 Dungeon Crawl Stone Soup version 0.26-a0-962-g9b92081034 (webtiles) character file.

Game seed: 1063897608839882381

18 Dracia the Grasshopper (level 2, -2/22 HPs)
             Began as a Demonspawn Warper on Dec 2, 2020.
             Slain by a gnoll (8 damage)
             ... on level 1 of the Dungeon.
             The game lasted 00:01:21 (1054 turns).

Dracia the Grasshopper (Demonspawn Warper)          Turns: 1054, Time: 00:01:22

Health: -2/22      AC:  3    Str: 11    XL:     2   Next: 48%
Magic:  5/5        EV: 11    Int: 14    God:
Gold:   33         SH:  0    Dex: 12    Spells: 5/5 levels left

rFire    + . .     SeeInvis .   a - +0 spear
rCold    x . .     Faith    .   (no shield)
rNeg     . . .     Spirit   .   b - +0 leather armour
rPois    .         Reflect  .   (helmet restricted)
rElec    .         Harm     .   (no cloak)
rCorr    .         Rampage  .   (no gloves)
MR       .....                  (no boots)
Stlth    +.........             (no amulet)
HPRegen  0.07/turn              m - ring of fire
MPRegen  0.09/turn              (no ring)

@: no status effects
A: antennae 1
a: no special abilities


You were on level 1 of the Dungeon.
You visited 1 branch of the dungeon, and saw 2 of its levels.

You collected 33 gold pieces.


Innate Abilities, Weirdness & Mutations

You have a pair of small antennae on your head.


   Skills:
 - Level 2.0 Fighting
 * Level 2.5 Polearms
 - Level 0.8 Throwing
 - Level 0.8 Armour
 - Level 1.7 Dodging
 - Level 2.0 Spellcasting
 + Level 3.0 Translocations


You had 5 spell levels left.
You didn't know any spells.
Your spell library contained the following spells:

 Spells                   Type           Power        Failure   Level
 Blink                    Tloc           N/A          14%         2
 Gell's Gravitas          Tloc           #.........   26%         3
 Lesser Beckoning         Tloc           #.........   26%         3
 Teleport Other           Tloc           #.......     26%         3
 Passage of Golubria      Tloc           N/A          65%         4

Inventory:

Hand Weapons
 a - a +0 spear (weapon)
Missiles
 e - 5 boomerangs of dispersal (quivered) {=f}
Armour
 b - a +0 leather armour (worn)
Jewellery
 m - a ring of fire (left hand)
Scrolls
 c - 2 scrolls of identify {unknown}
 d - a scroll of blinking
 f - a scroll of enchant weapon {unknown}
 h - a scroll of remove curse {unknown}
Potions
 g - 2 potions of resistance {unknown}
 i - 2 potions of lignification {unknown}
 j - a potion of invisibility {unknown}
 k - a potion of brilliance {unknown}
 l - a potion of flight {unknown}

Dungeon Overview and Level Annotations

Branches:
Dungeon (2/15)

Altars:
Wu Jian

## ###.#########.#.###
.#######...#######...#...########
...................#####........#
.................#...#...######.#
#######.#..####..###.#...######.#
# #.....# #..# #............. #
#.....# #..# ##.#.......... #
#.....###g.####.#.....##... #
#.#...)...@.....#.........# #
#)#.#.#.##.................
#######.#.#.#.##..#####..........
........#.#.#.##..# #.#...##.#.
..#.#####.#.#.##).# #.#...##.#.
..#.# #.#.#.##..# #.######.#.
..#.# #.#.#.##..# #.## #.#. ..#.#
#.#.......# #..# #... ....#
#.....##.## ##.# ###..#


You could see a gnoll.


Message History

2 gnolls come into view.
The gnoll shouts! x2; You hear a shout!
There are monsters nearby!
A gnoll comes into view. It is wielding a +0 spear.
The gnoll shouts!
Found a fizzy golden potion.
There is a stone staircase leading down here.
There is a stone staircase leading up here.
The gnoll completely misses you. The gnoll hits you but does no damage.
You climb upwards.
There is a stone staircase leading down here.
You climb downwards.
The gnoll hits you! The gnoll closely misses you.
There is a stone staircase leading up, spattered with blood here.
The gnoll barely misses you.
The gnoll hits you from afar with a cursed -1 spear.
* * * LOW HITPOINT WARNING * * *
You climb upwards.
There is a stone staircase leading down here.
You are too injured to fight recklessly!
You are too injured to fight recklessly!
You completely miss the gnoll. The gnoll closely misses you.
You hit the gnoll.
The gnoll is lightly wounded.
The gnoll hits you.
* * * LOW HITPOINT WARNING * * *
You hit the gnoll.
The gnoll is moderately wounded.
The gnoll hits you!
You die...

Skill      XL: |  1  2 |
---------------+-------+-----
Polearms       | 2 |  2.5
Translocations | 3 |  3.0
Fighting       | |  2.0
Throwing       | |  0.8
Armour         | |  0.8
Dodging        | |  1.7
Spellcasting   | |  2.0

Action                   || total
-------------------------++-------
Melee: Spear             ||    63
Armor: Leather armour    ||    17
Dodge: Dodged            ||    36

Levels and vault maps discovered:
D:1:      ebering_hopf_link, layout_loops_ring, minmay_indecisive_spiral
D:2:      layout_basic, lemuel_doored_altar, kennysheep_generic_room_16

Notes
Turn   | Place    | Note
-------+----------+-------------------------------------------
     0 | D:1      | Dracia the Demonspawn Warper began the quest for the Orb.
     0 | D:1      | Reached XP level 1. HP: 16/16 MP: 3/3
   224 | D:1      | Reached skill level 2 in Polearms
   474 | D:1      | Gained mutation: You have a pair of small antennae on your
                  | head. [demonic ancestry]
   474 | D:1      | Reached XP level 2. HP: 18/22 MP: 5/5
   969 | D:2      | Reached skill level 3 in Translocations
  1000 | D:2      | Found an ornate altar of the Wu Jian Council.
  1054 | D:1      | Slain by a gnoll

Vanquished Creatures
  A dart slug (D:1)
  3 bats
  A goblin (D:2)
  A hobgoblin (D:2)
  3 jackals (D:1)
  2 kobolds (D:1)
  2 frilled lizards (D:1)
  3 rats
16 creatures vanquished.

Table legend: (Time is in decaauts)
 A = Elapsed time spent in this place.
 B = Non-inter-level travel time spent in this place.
 C = Inter-level travel time spent in this place.
 D = Time resting spent in this place.
 E = Time spent auto-exploring this place.
 F = Levels seen in this place.
 G = Mean time per level.
                   A        B        C        D        E       F      G
               +--------+--------+--------+--------+--------+-----+--------+
         Total |   1054 |   1030 |     24 |      0 |    865 |   2 |  527.0 |
       Dungeon |   1054 |   1030 |     24 |      0 |    865 |   2 |  527.0 |
               +--------+--------+--------+--------+--------+-----+--------+

Top non-repeatable levels by time:
     D:1: 945 daAuts
     D:2: 108 daAuts

Table legend:
 A = Non-vault XP
 B = Vault XP
 C = Vault XP percentage of total XP
 D = Non-vault monster count
 E = Vault monster count
 F = Vault count percentage of total count
                 A         B        C        D         E       F
            +---------+---------+-------+---------+---------+-------
      Total |      20 |       6 |  23.1 |      12 |       4 |  25.0
            +---------+---------+-------+---------+---------+-------
        D:1 |      14 |       6 |  30.0 |       8 |       4 |  33.3
        D:2 |       6 |       0 |   0.0 |       4 |       0 |   0.0
            +---------+---------+-------+---------+---------+-------
